 Dungeon Crawl Stone Soup version 0.31.0-11-ge490571c62 (webtiles) character file.

Game seed: 16307477364747985585

116 qw the Skirmisher (level 4, 0/25 HPs)
             Began as a Deep Elf Hunter on Feb 3, 2024.
             Slain by a hobgoblin (2 damage)
             ... led by Robin
             ... on level 3 of the Dungeon.
             The game lasted 00:00:29 (1787 turns).

qw the Skirmisher (Deep Elf Hunter)                 Turns: 1787, Time: 00:00:30

Health: 0/25       AC:  5    Str: 16    XL:     4   Next: 70%
Magic:  6/6        EV: 11    Int: 14    God:
Gold:   150        SH:  0    Dex: 18    Spells: 3/3 levels left

rFire   . . .        a - +0 shortbow
rCold   . . .        (shield currently unavailable)
rNeg    . . .        b - +0 ring mail
rPois   .            (no helmet)
rElec   .            (no cloak)
rCorr   .            (no gloves)
SInv    .            (no boots)
Will    .....        (no amulet)
Stlth   +            l - +6 ring of strength
HPRegen 0.24/turn    (no ring)
MPRegen 0.10/turn

%: no passive effects
@: about to teleport
A: no striking features
a: no special abilities


You were on level 3 of the Dungeon.
You visited 1 branch of the dungeon, and saw 3 of its levels.

You collected 150 gold pieces.


   Skills:
 - Level 1.5 Fighting
 + Level 8.1 Ranged Weapons
 - Level 2.4 Dodging
 - Level 1.2 Stealth


You had 3 spell levels left.
You didn't know any spells.
Your spell library was empty.

Inventory:

Hand Weapons
 a - a +0 shortbow (weapon)
Armour
 b - a +0 ring mail (worn)
 i - a +0 pair of boots
Jewellery
 l - a +6 ring of strength (left hand)
Scrolls
 c - a scroll of vulnerability {unknown}
 j - a scroll of poison {unknown}
Potions
 d - 5 potions of curing
 e - 2 potions of might {unknown}
 g - a potion of enlightenment {unknown}
 h - a potion of degeneration {unknown}
 k - a potion of mutation {unknown}

Dungeon Overview and Level Annotations

Branches:
Dungeon (3/15)

Altars:
Dithmenos


Message History

You hear a shout!
The goblin hits you but does no damage.
Your Ranged Weapons skill increases to level 8!
You shoot an arrow. The arrow hits the hobgoblin!
You kill the hobgoblin!
A goblin comes into view. It is wielding a +0 dagger of speed.
The goblin closely misses you.
You shoot an arrow. The arrow hits the ball python!
You kill the ball python!
You hear the rusting of a distant drain.
You hear a shout!
The goblin barely misses you.
You shoot an arrow. The arrow hits the goblin.
You kill the goblin!
You shoot an arrow. The arrow completely misses the goblin.
A goblin comes into view. It is wielding a +0 club.
You shoot an arrow. The arrow hits the goblin!
You kill the goblin!
A goblin comes into view. It is wielding a +0 club.
You shoot an arrow.
The arrow hits the hobgoblin but does no damage.
You shoot an arrow. The arrow hits the goblin!
You kill the goblin!
The hobgoblin barely misses you.
You shoot an arrow. The arrow hits the hobgoblin.
The hobgoblin is heavily wounded.
The hobgoblin hits you.
1785 ||| READING scroll of teleportation.
As you read the scroll of teleportation, it crumbles to dust.
You feel strangely unstable.
The goblin no longer looks unusually strong. x2
The goblin hits you but does no damage. The hobgoblin hits you.
A bombardier beetle comes into view.
You shoot an arrow. The arrow closely misses the hobgoblin.
The goblin misses you.
The hobgoblin hits you but does no damage.
The hobgoblin hits you. The goblin hits you with a +0 club.
You shoot an arrow. The arrow barely misses the hobgoblin.
The goblin barely misses you. The hobgoblin hits you.
You die...

#.............#
#.....#..#
#.......###.#.#
#....).#
#...#.....##.###
###...##
#...#.>...##..#
###.#. ..
#........## ##
#...###..# #.
###...#.## ##.
###.).# #..
##@## ##..


#gggB.# #... #.###...# ##..# #.# .. #.... #.# ##..#. #.# ....#. #.# ###... #.#
####. #..## You could see a bombardier beetle, a hobgoblin (strong) and 2
goblins.

Vanquished Creatures
  Robin (D:3)
  An adder (D:3)
  3 ribbon worms
  2 dart slugs
  8 bats
  6 endoplasms
  3 giant cockroaches
  14 goblins
  8 hobgoblins
  2 jackals (D:2)
  4 kobolds
  8 quokkas
  7 ball pythons
  3 frilled lizards
  4 rats
74 creatures vanquished.

Notes
Turn   | Place    | Note
-------+----------+-------------------------------------------
     0 | D:1      | qw the Deep Elf Hunter began the quest for the Orb.
     0 | D:1      | Reached XP level 1. HP: 12/12 MP: 3/3
     0 | D:1      | 0 ||| qw: Version: 0.3-a-155-g5e7d8dd
     0 | D:1      | 0 ||| qw: Game counter: 3401
     0 | D:1      | 0 ||| qw: Melee chars always use a shield: true
     0 | D:1      | 0 ||| qw: God list: Okawaru
     0 | D:1      | 0 ||| qw: Allow faded altars: false
     0 | D:1      | 0 ||| qw: Do Orc after clearing Dungeon:15 true
     0 | D:1      | 0 ||| qw: Do second Lair branch before Depths: true
     0 | D:1      | 0 ||| qw: Lair rune preference: random
     0 | D:1      | 0 ||| qw: Goals: Normal
     0 | D:1      | 0 ||| PLANNING D:1-11
   168 | D:1      | Reached skill level 6 in Ranged Weapons
   168 | D:1      | Reached XP level 2. HP: 16/16 MP: 4/4
   467 | D:1      | Reached XP level 3. HP: 20/20 MP: 5/5
   629 | D:1      | 629 ||| READING 2 scrolls labelled ORUYT YWKI.
   629 | D:1      | 629 ||| IDENTIFYING viscous amethyst potion
   630 | D:1      | 630 ||| READING scroll of identify.
   630 | D:1      | 630 ||| IDENTIFYING scroll labelled LEJ MIBLENEIT
   631 | D:1      | 631 ||| DROPPING scroll of butterflies.
   859 | D:2      | Reached skill level 7 in Ranged Weapons
  1499 | D:2      | 1499 ||| UPGRADING to +0 ring mail.
  1509 | D:2      | 1509 ||| DROPPING +0 leather armour.
  1510 | D:2      | 1510 ||| UPGRADING to +6 ring of strength.
  1511 | D:2      | 1511 ||| READING scroll of identify.
  1511 | D:2      | 1511 ||| IDENTIFYING amethyst potion
  1512 | D:2      | 1512 ||| READING scroll labelled ONKAGI FITO.
  1513 | D:2      | 1513 ||| DROPPING potion of berserk rage.
  1534 | D:3      | 1534 ||| PLANNING SEWER
  1587 | D:3      | Reached XP level 4. HP: 24/25 MP: 6/6
  1719 | D:3      | Found a shadowy altar of Dithmenos.
  1761 | D:3      | Identified the +0 helmet of the Devil's Advocate {Harm}
  1761 | D:3      | Noticed Robin
  1776 | D:3      | Killed Robin
  1777 | D:3      | Reached skill level 8 in Ranged Weapons
  1784 | D:3      | HP: 5/25 [hobgoblin[Robin] (6)]
  1785 | D:3      | 1785 ||| READING scroll of teleportation.
  1786 | D:3      | HP: 2/25 [goblin/+0 club[Robin] (1)]
  1787 | D:3      | Slain by a hobgoblin

Levels and vault maps discovered:
D:1:      onia_arrival_pentagram, layout_loops_ring, kennysheep_small_spiral
D:2:      layout_basic, minmay_box_of_dots
D:3:      minmay_skewed_foursquare, layout_rooms, general_overflow_altar,
          tgw_sif, gup_sewer_entry_spiral, kennysheep_generic_room_2, uniq_robin

Skill      XL: |  1  2  3  4 |
---------------+-------------+-----
Ranged Weapons | 6 7 8 |  8.1
Fighting       | |  1.5
Dodging        | |  2.4
Stealth        | |  1.2

Action                     |  1- 3 |  4- 6 || total
---------------------------+-------+-------++-------
   Fire: Shortbow          |   110 |    60 ||   170
    Use: Scroll            |     4 |     1 ||     5
 Armour: Leather armour    |    20 |       ||    20
         Ring mail         |     1 |    22 ||    23
  Dodge: Dodged            |    22 |    27 ||    49

Table legend:
 A = Non-vault XP
 B = Vault XP
 C = Vault XP percentage of total XP
 D = Non-vault monster count
 E = Vault monster count
 F = Vault count percentage of total count
                 A         B        C        D         E       F
            +---------+---------+-------+---------+---------+-------
      Total |     106 |      61 |  36.5 |      58 |      16 |  21.6
            +---------+---------+-------+---------+---------+-------
        D:1 |      44 |       0 |   0.0 |      26 |       0 |   0.0
        D:2 |      44 |       6 |  12.0 |      22 |       3 |  12.0
        D:3 |      18 |      55 |  75.3 |      10 |      13 |  56.5
            +---------+---------+-------+---------+---------+-------
